 Dungeon Crawl Stone Soup version 0.15.0-23-gc2b521c (webtiles) character file.

364811 Firebatgyro the Brawler (level 21, -8/222 HPs)
             Began as a Troll Monk on Sept 8, 2014.
             Was the Champion of Cheibriados.
             Killed by the air
             ... invoked by a titan
              (32 damage)
             ... on Level 5 of the Vaults.
             The game lasted 01:50:57 (35689 turns).

Firebatgyro the Brawler (Troll Monk)               Turns: 35689, Time: 01:50:58

HP  -8/222       AC 33     Str 43      XL: 21   Next: 22%
MP  30/30        EV 21     Int 25      God: Cheibriados [******]
Gold 3809        SH 17     Dex 31      Spells:  3 memorised,  5 levels left

rFire  + . .     SeeInvis +       - Unarmed
rCold  + + .     Clarity  .     L - +4 gold dragon armour
rNeg   . . .     rCorr    +     d - +2 shield {AC+3}
rPois  +         rRot     .     F - +0 mask of the Dragon {MR+ Slay+3 SInv}
rElec  .         Spirit   .     D - +2 cloak {rPois}
SustAb .         Warding  .     (gloves unavailable)
rMut   .         Stasis   .     (boots unavailable)
Gourm  +                        A - amulet of resist corrosion
MR     ++++.                    K - ring of protection from cold
                                i - ring of Haemuq {MR++ Dex+4}

@: about to teleport, very slow, incredibly resistant to hostile enchantments,
extremely unstealthy
A: unfitting armour, antennae 1, claws 3, repulsion field 1, fast metabolism 3,
gourmand, regeneration 2, saprovore 2, shaggy fur 1, tough skin 2
a: Bend Time, Temporal Distortion, Slouch, Step From Time, Renounce Religion
}: 3/15 runes: decaying, serpentine, silver


You were on level 5 of the Vaults.
You worshipped Cheibriados.
Cheibriados was exalted by your worship.
You were very full.

You visited 7 branches of the dungeon, and saw 42 of its levels.
You also visited: Labyrinth.

You collected 4224 gold pieces.
You spent 415 gold pieces at shops.

Inventory:

Hand weapons
 m - a +1 blowgun
Missiles
 u - 5 curare-tipped needles
 Q - 4 javelins (quivered)
Armour
 d - a +2 shield of protection (worn)
 D - a +2 cloak of poison resistance (worn)
 F - the +0 mask of the Dragon (worn) {MR+ Slay+3 SInv}
   (You acquired it on level 4 of the Swamp)

   It affects your accuracy and damage with ranged weapons and melee attacks
   (+3).
   It affects your resistance to hostile enchantments.
   It enhances your eyesight.
 L - a +4 gold dragon armour (worn)
Magical devices
 z - a wand of invisibility (3)
 H - a wand of digging (12)
 I - a wand of disintegration (16)
 Z - a wand of draining (5)
Comestibles
 a - 8 beef jerkies
 b - 17 meat rations
 j - 19 fruits
 k - 4 slices of pizza
 s - 20 bread rations
 E - 3 royal jellies
Scrolls
 c - 6 scrolls of teleportation
 e - 9 scrolls of remove curse
 f - 8 scrolls of fog
 h - 2 scrolls of vulnerability
 n - 14 scrolls of identify
 w - 2 scrolls of blinking
 B - 6 scrolls of fear
 C - a scroll of enchant weapon
 M - 5 scrolls of summoning
 U - 5 scrolls of recharging
 X - 2 scrolls of magic mapping
Jewellery
 i - the ring of Haemuq (left claw) {MR++ Dex+4}
   (You found it on level 1 of the Snake Pit)

   [ring of dexterity]

   It affects your dexterity (+4).
   It affects your resistance to hostile enchantments.
 r - an uncursed ring of flight
 A - an amulet of resist corrosion (around neck)
 G - an uncursed ring of sustain abilities
 J - an uncursed ring of fire
 K - a ring of protection from cold (right claw)
 S - the ring "Nuzxute" {Wiz Dex+2 Stlth--}
   (You found it in a labyrinth)

   [ring of wizardry]

   It improves your spell success rate.
   It affects your dexterity (+2).
   It makes you much less stealthy.
Potions
 l - 2 potions of magic
 o - a potion of porridge
 p - 2 potions of flight
 q - 9 potions of curing
 t - 3 potions of restore abilities
 x - a potion of agility
 R - 2 potions of resistance
 V - 2 potions of mutation
 W - 2 potions of invisibility
Books
 N - a book of the Earth

   Spells                             Type                      Level
   Leda's Liquefaction                Hexes/Earth                  4
   Bolt of Magma                      Conjuration/Fire/Earth       5
   *Statue Form                       Transmutation/Earth          6
   Iron Shot                          Conjuration/Earth            6
   Shatter                            Earth                        9
Miscellaneous
 g - a phial of floods
 v - a legendary deck of destruction {Cloud}
 y - a fan of gales
 O - a fan of gales
 T - a stone of tremors
 Y - a stone of tremors


   Skills:
 + Level 16.1 Fighting
 - Level 4.1 Throwing
 + Level 14.1 Armour
 - Level 14.2 Dodging
 - Level 1.1 Stealth
 + Level 9.4 Shields
 + Level 19.7 Unarmed Combat
 + Level 11.6 Invocations


You had 5 spell levels left.
You knew the following spells:

 Your Spells              Type           Power        Failure   Level  Hunger
a - Statue Form           Trmt/Erth      #........    100%        6    #######
b - Regeneration          Chrm/Necr      #.........   100%        3    ####...
c - Deflect Missiles      Chrm/Air       #.........   100%        6    #######


Dungeon Overview and Level Annotations

Branches:
Dungeon (14/15)            Temple (1/1) D:4             Orc (4/4) D:10
    Elf (0/3) Orc:4          Lair (8/8) D:11          Swamp (5/5) Lair:6
  Snake (5/5) Lair:4        Slime (0/6) Lair:8       Vaults (5/5) D:14
  Crypt (0/3) Vaults:2

Altars:
Ashenzari
Cheibriados
Dithmenos
Elyvilon
Fedhas
Kikubaaqudgha
Makhleb
Nemelex Xobeh
Okawaru
Qazlal
Sif Muna
Trog
Vehumet
Xom
Yredelemnul
Zin
The Shining One
Beogh

Shops:
Orc:4 }[[}   Snake:5 %


Innate Abilities, Weirdness & Mutations

You are too large for most types of armour.
You have claws for hands.
Your metabolism is lightning-fast.
You like to eat raw meat.
You heal very quickly.
You can eat rotten meat.
You are covered in fur (AC +1).
You have very tough skin (AC +2).
You have a pair of small antennae on your head.
You are surrounded by a mild repulsion field (EV +2).


Message History

The ravenous rune mimic completely misses you.
Unknown command.
You miss the tengu reaver.
The tengu reaver is severely wounded.
You block the small abomination's attack.
The tengu reaver barely misses you. You block the tengu reaver's attack.
The tengu reaver misses you.
A crawling corpse merges with a small abomination to form a large abomination.
The vault warden completely misses you.
The ravenous rune mimic closely misses you.
The ravenous rune mimic completely misses you.
An ogre mage comes into view. It is wielding a club.
You eviscerate the tengu reaver!!!
You kill the tengu reaver!
Cheibriados appreciates the change of pace.
The large abomination hits you!
* * * LOW HITPOINT WARNING * * *
The titan waves its arms in wide circles.
The air twists around and strikes you!
You die...

...# ### ### #..# #.# #[#.c ...#
##.# #.##..####..# ...# ##..#
#..##c.c....#....#...
##..##{##..###.....#....#....
...#######...####C(#....#.....
.....(..(((.)..X.φp#O...#.....
...............)@pW.....[...
##################p.[.[.[.#####
................{....<<))[......
....................<))<).......
.....................<<)).......
.................)...))[(........
##################.....(..#######
..)..............................
..(................#....#........


You could see a titan, 2 vault wardens, a ravenous rune mimic, a flayed ghost,
an ogre mage, a large abomination and an ironbrand convoker (bleeding).

Vanquished Creatures
  An ancient lich (Vaults:4)
  the Lernaean hydra (Swamp:5)
  Norris (Vaults:3)
  2 golden dragons (Vaults:5)
  A lich (Vaults:5)
  4 tentacled monstrosities (Vaults:5)
  5 titans (Vaults:5)
  An Executioner (Vaults:5)
  2 storm dragons (Vaults:5)
  2 shadow dragons (Vaults:5)
  A thorn hunter (Swamp:4)
  4 fire giants
  8 tengu reavers
  Roxanne (Swamp:1)
  10 greater nagas
  A deep elf sorcerer (Vaults:2)
  Donald (Orc:4)
  2 frost giants
  The ghost of wheals the Impaler, a powerful FoAK of Lugonu (D:14)
  A ghost moth (shapeshifter) (Vaults:5)
  Gastronok (Lair:2)
  11 vault wardens
  6 stone giants
  3 war gargoyles (Vaults:5)
  A stone giant (shapeshifter) (Vaults:5)
  A deep elf demonologist (Vaults:5)
  A deep elf annihilator (Vaults:5)
  A purple draconian (shapeshifter) (Vaults:5)
  4 ettins (Vaults:5)
  Snorg (Lair:3)
  2 deep elf death magi
  30 vault guards
  12 ogre magi
  A minotaur (Lab)
  20 hydras
  10 ironheart preservers
  An ice dragon (Vaults:4)
  A deep elf high priest (Vaults:5)
  Fannar (Lair:4)
  16 yaktaur captains
  2 great orbs of eyes
  14 anacondas
  14 naga warriors
  A deep troll earth mage (Vaults:4)
  Erica (Lair:2)
  A dancing weapon (Vaults:5)
  9 centaur warriors
  2 tengu warriors (D:13)
  13 death yaks (Lair:8)
  A titan zombie (Vaults:4)
  3 catoblepae (Lair:8)
  2 sun demons (Vaults:3)
  7 alligators
  7 shock serpents
  6 naga sharpshooters
  8 salamander mystics
  5 fire crabs
  4 deep elf knights
  An unseen horror (Vaults:1)
  A flayed ghost (Vaults:4)
  2 giant orange brains (Vaults:1)
  Erolcha (D:11)
  A tengu zombie (Vaults:1)
  5 wizards
  3 deep trolls
  5 naga ritualists
  Pikel (D:6)
  3 hill giants
  4 necromancers
  A death drake (shapeshifter) (Vaults:5)
  4 lindwurms (Snake:5)
  12 ironbrand convokers
  9 swamp dragons
  2 griffons (Vaults:2)
  23 orc knights
  3 wolf spiders
  A deep elf conjurer (Vaults:5)
  A red wasp (Vaults:2)
  A sixfirhy (Vaults:5)
  9 mana vipers
  3 orc sorcerers
  2 draconians (shapeshifter)
  3 cyclopes
  3 manticores
  A frost giant zombie (Vaults:3)
  A phantasmal warrior (Vaults:5)
  27 ugly things
  17 spiny frogs
  20 salamanders
  9 guardian serpents
  4 elephants (Lair:7)
  Joseph (Orc:4)
  A fire giant skeleton (Vaults:3)
  5 gargoyles
  47 black mambas
  10 vault sentinels
  28 naga magi
  A torpor snail (Lair:8)
  9 komodo dragons
  3 kobold demonologists
  An efreet (D:14)
  2 fire drakes
  34 yaktaurs
  A jumping spider (shapeshifter) (Vaults:2)
  Grinder (D:6)
  A red devil (Vaults:2)
  A wandering mushroom (Lair:8)
  Sonja (D:10)
  A troll (shapeshifter) (Vaults:4)
  2 freezing wraiths
  A blue devil (Vaults:2)
  4 polar bears (Lair:7)
  3 giant leeches
  10 slime creatures
  7 trolls
  15 two-headed ogres
  A hydra skeleton (D:14)
  A raiju (shapeshifter) (Vaults:4)
  3 boulder beetles
  A tengu simulacrum (Vaults:1)
  13 bog bodies
  6 deep elf magi
  5 ravens
  3 basilisks
  2 baby alligators (Swamp:1)
  23 blink frogs
  A tarantella (shapeshifter) (Vaults:4)
  A redback (Vaults:2)
  A spriggan (shapeshifter) (Vaults:2)
  A trapdoor spider (shapeshifter) (D:13)
  2 golden eyes (shapeshifter)
  2 wraiths
  A vampire (D:14)
  A basilisk (shapeshifter) (Vaults:2)
  2 shadows (D:12)
  A wyvern (D:9)
  16 humans (D:14)
  A deep elf fighter (Vaults:5)
  A hog (shapeshifter) (Vaults:4)
  A human (shapeshifter) (D:13)
  8 hippogriffs
  40 yaks
  14 vampire mosquitoes
  11 swamp worms
  An ogre zombie (D:14)
  3 soldier ants
  A chaos spawn (Vaults:5)
  Edmund (D:7)
  52 nagas
  25 wolves
  A mottled dragon (D:14)
  10 wargs
  5 porcupines
  2 black bears
  31 water moccasins
  3 ice beasts
  3 phantoms
  7 sky beasts
  A slave (D:6)
  50 orc warriors
  32 centaurs
  A necrophage (D:9)
  2 human simulacra
  13 swamp drakes
  A hill giant simulacrum (D:14)
  33 ogres
  10 boggarts
  2 boring beetles (D:11)
  Sigmund (D:5)
  A brain worm (shapeshifter) (Vaults:2)
  14 crocodiles
  6 big kobolds
  2 brain worms (D:13)
  Blork the orc (D:5)
  17 human zombies
  A wyvern zombie (D:13)
  13 giant frogs
  5 insubstantial wisps (Swamp:1)
  An eye of draining (shapeshifter) (Vaults:4)
  7 killer bees
  4 scorpions
  2 electric eels
  3 tengu skeletons
  7 crimson imps
  3 lava snakes (Snake:3)
  A giant frog zombie (D:10)
  2 jellies
  4 centaur zombies
  2 quasits
  A kobold zombie (D:10)
  24 orc wizards
  9 hounds
  17 orc priests
  14 worker ants
  An elf zombie (Vaults:1)
  2 giant frog skeletons
  13 iguanas
  20 sheep
  A mummy (D:11)
  A worker ant zombie (D:10)
  27 adders
  9 gnolls (D:6)
  54 green rats
  2 shadow imps
  An orc skeleton (D:6)
  A white imp (D:13)
  A goliath beetle zombie (D:3)
  4 worms
  An orc zombie (D:6)
  2 adder skeletons
  6 giant geckos
  3 oozes (D:1)
  172 orcs
  2 ball pythons (Snake:3)
  8 bats
  7 giant cockroaches
  17 hobgoblins
  13 quokkas
  A giant gecko skeleton (D:7)
  6 giant newts
  A giant spore (D:13)
  12 goblins
  A goblin skeleton (D:5)
  A jackal skeleton (D:4)
  23 kobolds
  A kobold skeleton (D:6)
  26 rats
  A ballistomycete (D:13)
  A fungus (Swamp:5)
  A plant (Swamp:4)
1705 creatures vanquished.

Vanquished Creatures (others)
  2 human zombies (Vaults:5)
  2 lost souls (Vaults:5)
  An orc priest (Vaults:5)
  2 fungi
  A plant (Lair:8)
8 creatures vanquished.

Grand Total: 1713 creatures vanquished

Notes
Turn   | Place    | Note
--------------------------------------------------------------
     0 | D:1      | Firebatgyro, the Troll Monk, began the quest for the Orb.
     0 | D:1      | Reached XP level 1. HP: 22/22 MP: 1/1
   143 | D:1      | Reached XP level 2. HP: 29/29 MP: 1/1
   383 | D:1      | Reached skill level 5 in Unarmed Combat
   534 | D:1      | Reached XP level 3. HP: 36/36 MP: 2/2
  1121 | D:3      | Reached XP level 4. HP: 28/44 MP: 2/2
  1206 | D:3      | Found a blossoming altar of Fedhas.
  1303 | D:3      | Reached skill level 6 in Unarmed Combat
  1510 | D:4      | Noticed an ogre
  1516 | D:4      | Killed an ogre
  1516 | D:4      | Reached XP level 5. HP: 43/50 MP: 2/2
  1531 | D:4      | Reached skill level 7 in Unarmed Combat
  1661 | D:4      | Noticed a big kobold
  1664 | D:4      | Killed a big kobold
  1664 | D:4      | Reached XP level 6. HP: 55/59 MP: 3/3
  1925 | D:4      | Found a staircase to the Ecumenical Temple.
  1956 | Temple   | Entered the Ecumenical Temple
  2008 | Temple   | Became a worshipper of Cheibriados the Contemplative
  2088 | D:5      | Entered Level 5 of the Dungeon
  2088 | D:5      | Noticed Blork the orc
  2092 | D:5      | Reached skill level 8 in Unarmed Combat
  2092 | D:5      | Reached skill level 1 in Invocations
  2100 | D:5      | Killed Blork the orc
  2100 | D:5      | Reached XP level 7. HP: 41/66 MP: 3/4
  2451 | D:5      | Noticed Sigmund
  2469 | D:5      | Killed Sigmund
  2646 | D:5      | Found a shimmering altar of Xom.
  2649 | D:5      | Noticed an angel
  2666 | D:5      | Found a glowing silver altar of Zin.
  2749 | D:6      | Reached XP level 8. HP: 52/78 MP: 6/7
  2752 | D:6      | Acquired Cheibriados' first power
  3112 | D:6      | Reached skill level 9 in Unarmed Combat
  3260 | D:6      | Noticed Grinder
  3264 | D:6      | Paralysed by Grinder for 5 turns
  3273 | D:6      | Killed Grinder
  3534 | D:6      | Noticed Pikel
  3551 | D:6      | Killed Pikel
  3551 | D:6      | Reached skill level 5 in Fighting
  3551 | D:6      | Reached XP level 9. HP: 60/88 MP: 9/11
  3606 | D:6      | Found a basalt altar of Yredelemnul.
  3606 | D:6      | Found a sparkling altar of Nemelex Xobeh.
  3646 | D:7      | Reached skill level 5 in Invocations
  3669 | D:7      | Acquired Cheibriados' second power
  3724 | D:7      | Noticed Edmund
  3739 | D:7      | Killed Edmund
  3828 | D:7      | Got a slimy arbalest
  3832 | D:7      | Identified the +5 arbalest of Conformity {penet, rN+ Dex-3 Stlth+} (You found it on level 7 of the Dungeon)
  4154 | D:7      | Reached skill level 10 in Unarmed Combat
  4571 | D:9      | Found a shadowy altar of Dithmenos.
  5062 | D:9      | Acquired Cheibriados' third power
  5374 | D:9      | Reached XP level 10. HP: 57/100 MP: 16/16
  5487 | D:10     | Entered Level 10 of the Dungeon
  5538 | D:10     | Noticed Sonja
  5551 | D:10     | Killed Sonja
  5752 | D:10     | Found a staircase to the Orcish Mines.
  5761 | D:10     | Found a roughly hewn altar of Beogh.
  5762 | D:10     | Reached skill level 11 in Unarmed Combat
  6057 | D:10     | Found a glowing golden altar of the Shining One.
  6221 | D:11     | Noticed Erolcha
  6228 | D:11     | Killed Erolcha
  6525 | D:11     | Noticed a manticore
  6538 | D:11     | Killed a manticore
  6656 | D:11     | Found a staircase to the Lair.
  6688 | Lair:1   | Entered Level 1 of the Lair of Beasts
  6706 | Lair:1   | Noticed a seven-headed hydra
  6888 | Lair:1   | Noticed a black mamba
  6895 | Lair:1   | Killed a black mamba
  6898 | Lair:1   | Reached XP level 11. HP: 82/111 MP: 19/19
  7187 | Lair:1   | Noticed a black mamba
  7194 | Lair:1   | Killed a black mamba
  7194 | Lair:1   | Reached skill level 12 in Unarmed Combat
  7977 | Lair:2   | Noticed Gastronok
  8003 | Lair:2   | Reached skill level 1 in Armour
  8005 | Lair:2   | Killed Gastronok
  8206 | Lair:2   | Noticed Erica
  8211 | Lair:2   | Killed Erica
  8607 | Lair:3   | Reached XP level 12. HP: 119/123 MP: 21/21
  8779 | Lair:3   | Noticed Snorg
  8785 | Lair:3   | Killed Snorg
  9242 | Lair:4   | Found a staircase to the Snake Pit.
  9306 | Lair:4   | Reached skill level 5 in Dodging
  9306 | Lair:4   | Reached skill level 13 in Unarmed Combat
  9454 | Lair:4   | Noticed Fannar
  9466 | Lair:4   | Killed Fannar
 10175 | Lair:5   | Reached skill level 5 in Armour
 10226 | Lair:6   | Found a staircase to the Swamp.
 10260 | Lair:6   | Found a labyrinth entrance.
 10271 | Lab      | Entered a labyrinth
 10385 | Lab      | Reached skill level 10 in Fighting
 11017 | Lab      | Noticed a minotaur
 11021 | Lab      | Killed a minotaur
 11025 | Lab      | Got a brightly glowing copper ring
 11028 | Lair:6   | Identified the ring "Nuzxute" {Wiz Dex+2 Stlth--} (You found it in a labyrinth)
 11142 | Lair:6   | Reached XP level 13. HP: 133/133 MP: 22/22
 12035 | Lair:8   | Entered Level 8 of the Lair of Beasts
 12059 | Lair:8   | Noticed an azure jelly
 12060 | Lair:8   | Found a staircase to the Slime Pits.
 12060 | Lair:8   | Noticed an azure jelly
 12060 | Lair:8   | Noticed an azure jelly
 12416 | Lair:8   | Reached skill level 14 in Unarmed Combat
 13263 | Lair:8   | Reached XP level 14. HP: 88/144 MP: 23/23
 13359 | Lair:8   | Got a bloodstained large shield
 13365 | Lair:8   | Identified the cursed +3 large shield of Demons {Dex+3} (You found it on level 8 of the Lair of Beasts)
 13541 | Lair:8   | Reached skill level 1 in Shields
 14055 | Orc:1    | Entered Level 1 of the Orcish Mines
 14435 | Orc:1    | Found a flagged portal.
 15231 | Orc:3    | Found a roughly hewn altar of Beogh.
 15625 | Orc:4    | Entered Level 4 of the Orcish Mines
 15658 | Orc:4    | Found a staircase to the Elven Halls.
 16016 | Orc:4    | Found a roughly hewn altar of Beogh.
 16055 | Orc:4    | Found Ysaesos' Gadget Shoppe.
 16235 | Orc:4    | Found Kevor's Armour Shop.
 16272 | Orc:4    | Bought a +1 cloak of poison resistance for 175 gold pieces
 16309 | Orc:4    | Found Raefagge's Armour Shoppe.
 16309 | Orc:4    | Found Widwam's Gadget Shop.
 16338 | Orc:4    | Bought a wand of disintegration (16) for 240 gold pieces
 16602 | Orc:4    | Noticed Donald
 16624 | Orc:4    | Killed Donald
 16655 | Orc:4    | Noticed Joseph
 16672 | Orc:4    | Killed Joseph
 17032 | D:10     | Noticed a hill giant
 17038 | D:10     | Killed a hill giant
 18117 | D:12     | Reached skill level 15 in Unarmed Combat
 18627 | D:13     | Reached skill level 1 in Throwing
 18772 | D:13     | Reached XP level 15. HP: 150/156 MP: 24/24
 19232 | D:14     | Found a shimmering altar of Xom.
 19236 | D:14     | Found a shimmering altar of Xom.
 19432 | D:14     | Noticed wheals' ghost (powerful FoAK)
 19444 | D:14     | Killed wheals' ghost
 19817 | D:14     | Reached skill level 5 in Shields
 19831 | D:14     | Paralysed by a wizard for 5 turns
 19837 | D:14     | Found a gate to the Vaults.
 19989 | D:14     | Identified the Volume of Evil Bewitchment
 20020 | D:14     | Identified a scroll of acquirement
 20628 | Snake:1  | Entered Level 1 of the Snake Pit
 20657 | Snake:1  | Got a vibrating amber ring
 20666 | Snake:1  | Identified the ring of Haemuq {MR++ Dex+4} (You found it on level 1 of the Snake Pit)
 20845 | Snake:1  | Identified the Collected Works on Shifting Darkness
 21336 | Snake:2  | Reached skill level 16 in Unarmed Combat
 21341 | Snake:2  | Reached XP level 16. HP: 116/167 MP: 16/25
 22617 | Snake:5  | Entered Level 5 of the Snake Pit
 22776 | Snake:5  | Reached skill level 10 in Armour
 23289 | Snake:5  | Reached skill level 10 in Dodging
 23479 | Snake:5  | Found Klext's Food Boutique.
 24010 | Snake:5  | Reached XP level 17. HP: 151/178 MP: 25/25
 24489 | Snake:5  | Reached skill level 17 in Unarmed Combat
 25468 | Snake:5  | Got a serpentine rune of Zot
 25979 | Swamp:1  | Entered Level 1 of the Swamp
 26111 | Swamp:1  | Noticed Roxanne
 26129 | Swamp:1  | Killed Roxanne
 26143 | Swamp:1  | Learned a level 6 spell: Statue Form
 27049 | Swamp:3  | Gained mutation: You are surrounded by a mild repulsion field (EV +2). [potion of beneficial mutation]
 27449 | Swamp:5  | Entered Level 5 of the Swamp
 27465 | Swamp:5  | Reached XP level 18. HP: 179/189 MP: 10/26
 27731 | Swamp:5  | Noticed the 27-headed Lernaean hydra
 27745 | Swamp:5  | Killed the 27-headed Lernaean hydra
 27950 | Swamp:5  | Got a decaying rune of Zot
 28818 | D:14     | Reached skill level 18 in Unarmed Combat
 28859 | Vaults:1 | Entered Level 1 of the Vaults
 30516 | Vaults:2 | Learned a level 3 spell: Regeneration
 30640 | Vaults:2 | Reached XP level 19. HP: 165/200 MP: 27/27
 30772 | Vaults:2 | Gained mutation: You have a pair of small antennae on your head. [potion of beneficial mutation]
 30917 | Vaults:2 | Found a staircase to the Crypt.
 31352 | Vaults:3 | Noticed Norris
 31370 | Vaults:3 | Killed Norris
 31678 | Vaults:3 | Reached skill level 15 in Fighting
 33001 | Vaults:5 | Entered Level 5 of the Vaults
 33004 | Vaults:5 | Noticed an ancient lich
 33005 | Vaults:5 | Reached skill level 10 in Invocations
 33005 | Vaults:5 | Reached skill level 19 in Unarmed Combat
 33005 | Vaults:5 | Reached XP level 20. HP: 199/210 MP: 12/28
 33032 | Vaults:4 | Killed an ancient lich
 33937 | Vaults:5 | Learned a level 6 spell: Deflect Missiles
 34429 | Vaults:5 | Noticed a golden dragon
 34443 | Vaults:5 | Killed a golden dragon
 34465 | Vaults:5 | Noticed a golden dragon
 34477 | Vaults:5 | Killed a golden dragon
 34767 | Vaults:5 | Got a twitching copper amulet
 34892 | Vaults:5 | Got a silver rune of Zot
 35179 | Vaults:5 | Got a warped lapis lazuli ring
 35181 | Vaults:5 | Identified the ring of Bodily Harmony {MP+9 Str+2 Dex+4 Int+2} (You found it on level 5 of the Vaults)
 35183 | Vaults:5 | Identified the amulet of Stayjofu {Faith rF- rC+} (You took it off an orc on level 5 of the Vaults)
 35257 | Vaults:5 | Reached XP level 21. HP: 31/221 MP: 30/30
 35689 | Vaults:5 | Killed from afar by a titan

Action                   |  1- 3 |  4- 6 |  7- 9 | 10-12 | 13-15 | 16-18 | 19-21 || total
-------------------------+-------+-------+-------+-------+-------+-------+-------++-------
Melee: Unarmed           |   101 |   102 |   243 |   521 |  1435 |  1566 |   909 ||  4877
       Blowgun           |       |       |     6 |       |       |       |       ||     6
 Fire: Blowgun           |       |       |     6 |       |       |       |       ||     6
Throw: Javelin           |       |       |       |       |     5 |     3 |       ||     8
Invok: Slouch            |       |       |       |     8 |    22 |    15 |    14 ||    59
Evoke: Wand              |       |       |     2 |     3 |     7 |     1 |     1 ||    14
  Use: Scroll            |       |    13 |     7 |    10 |    10 |    10 |     8 ||    58
       Potion            |       |       |       |     3 |     1 |     6 |     5 ||    15
 Stab: Sleeping          |     3 |       |    10 |    13 |    20 |       |       ||    46
       Distracted        |       |       |     1 |     1 |     3 |       |       ||     5
  Eat: Chunk             |    15 |     7 |    21 |    33 |    72 |    63 |    33 ||   244
